[Event "Late-Titled-Tuesday-Blitz-June-04-2024"]
[Site "Chess.com"]
[Date "2024.06.04"]
[Round "8"]
[White "VirtualCoach"]
[Black "NCchamp"]
[Result "1-0"]
[WhiteElo "2238"]
[BlackElo "2408"]
[TimeControl "180+1"]
[EndTime "15:25:13 PDT"]
[Termination "VirtualCoach won on time"]

1. e4 c6 2. d4 d5 3. e5 Bf5 4. Nf3 e6 5. Be2 a6 6. O-O Nd7 7. c4 dxc4 8. Bxc4 b5 9. Bd3 Nb6 10. Bxf5 exf5 11. Qc2 Qd7 12. Nc3 Nd5 13. Nxd5 cxd5 14.
Bd2 Rc8 15. Qb3 Ne7 16. Rac1 Nc6 17. Rc2 Be7 18. Rfc1 O-O 19. a4 b4 20. Qd3 a5 21.
Qb5 b3 22. Rxc6 Rb8 23. Rb6 Qa7 24. Bxa5 Rbc8 25. Rd1 Qa8 26. h3 Rb8 27. Rc1 Rfc8 28. Rcc6 Rxb6 29. Rxb6 1-0

[Event "Late-Titled-Tuesday-Blitz-June-04-2024"]
[Site "Chess.com"]
[Date "2024.06.04"]
[Round "8"]
[White "IlyaGrigorjev"]
[Black "eljanov"]
[Result "0-1"]
[WhiteElo "2868"]
[BlackElo "2955"]
[TimeControl "180+1"]
[EndTime "15:25:16 PDT"]
[Termination "eljanov won by resignation"]

1. e4 c6 2. d4 d5 3. e5 Bf5 4.
Nf3 e6 5. Be2 Nd7 6. O-O a5 7.
a4 f6 8. Bf4 Ne7 9. Bg3 fxe5 10. Nxe5 Nxe5 11. Bxe5 Ng6 12. Bh5 Bd6 13. g4 Bxe5 14.
dxe5 Be4 15. f3 Qb6+ 16. Rf2 O-O 17. Bxg6 Rxf3 18. Qe2 Raf8 19. Bf5 Rxf2 20. Qxf2 Qxf2+ 21. Kxf2 exf5 22. g5 Re8 23. Nd2 Rxe5 24. Rc1 f4 25. h4 Bg6 26. Nb3 b6 27. Nd4 c5 28. Nf3 Re3 29. c3 Be4 30. Ng1 Rg3 31. Ne2 Rg2+ 32.
Kf1 f3 33. Nf4 Rxb2 0-1

[Event "Late-Titled-Tuesday-Blitz-June-04-2024"]
[Site "Chess.com"]
[Date "2024.06.04"]
[Round "8"]
[White "maurovargas01"]
[Black "Lavandum24"]
[Result "0-1"]
[WhiteElo "1902"]
[BlackElo "1869"]
[TimeControl "180+1"]
[EndTime "15:25:18 PDT"]
[Termination "Lavandum24 won by checkmate"]

1. e4 Nc6 2. Nc3 Nf6 3. f4 e5 4. fxe5 Nxe5 5. Nf3 Nxf3+ 6. Qxf3 Bc5 7. Bc4 d6 8. Nd5 Nxd5 9. Bxd5 O-O 10. c3 Qh4+ 11. g3 Qh3 12. d4 Bb6 13. Be3 Be6 14. Bxb7 Rab8 15. Bc6 Bg4 16. Qf2 Kh8 17. Bb5 f5 18. Bf1 Qh5 19. Bg2 fxe4 20. Qd2 Bf3 21. h3 d5 22. g4 Qh4+ 23. Bf2 Qf6 24. Qe3 Bxg2 25.
Rg1 Bf3 26. g5 Qe6 27. Kd2 Ba5 28. Rg3 Rxb2+ 29. Kc1 Rfb8 30. g6 Qb6 31. Rxf3 Rb1+ 32. Rxb1 Qxb1+ 33. Kd2 Rb2# 0-1

[Event "Late-Titled-Tuesday-Blitz-June-04-2024"]
[Site "Chess.com"]
[Date "2024.06.04"]
[Round "8"]
[White "destroyer305"]
[Black "Pig-filth"]
[Result "0-1"]
[WhiteElo "2427"]
[BlackElo "2341"]
[TimeControl "180+1"]
[EndTime "15:25:21 PDT"]
[Termination "Pig-filth won by resignation"]

1. e4 g6 2. d4 d6 3. Nc3 c6 4. h4 Nf6 5. h5 Nxh5 6. Rxh5 gxh5 7. Qxh5 h6 8. Bc4 e6 9. Nf3 Rg8 10.
Be3 b5 11. Bb3 Rxg2 12. O-O-O a5 13. d5 exd5 14. exd5 Bg4 15. Qh1 Bxf3 16. Re1 Be7 17.
dxc6 Nxc6 18. Qxh6 Ne5 19. Nd5 a4 20. Bb6 Bg5+ 21.
Kb1 Bxh6 22. Bxd8 axb3 0-1

[Event "Late-Titled-Tuesday-Blitz-June-04-2024"]
[Site "Chess.com"]
[Date "2024.06.04"]
[Round "8"]
[White "Heliosis11"]
[Black "familijatop71"]
[Result "1-0"]
[WhiteElo "2392"]
[BlackElo "2282"]
[TimeControl "180+1"]
[EndTime "15:25:25 PDT"]
[Termination "Heliosis11 won on time"]

1. e4 d5 2. exd5 Qxd5 3. Nc3 Qa5 4. d4 c6 5. Bd2 Nf6 6. Bc4 Bf5 7. Nd5 Qd8 8. Nxf6+ gxf6 9. c3 e6 10. Ne2 Nd7 11.
Ng3 Bg6 12. Qe2 Qc7 13. h4 h5 14. O-O-O O-O-O 15. Rhe1 Bd6 16. Ne4 Bf4 17. g3 Bxd2+ 18. Rxd2 Bxe4 19. Qxe4 f5 20. Qe3 Nf6 21. Bd3 Nd5 22.
Qf3 Qa5 23. Kb1 Qb6 24. Bc2 Rdg8 25. c4 Nb4 26. Bb3 Qc7 27. d5 Rd8 28. Red1 exd5 29. cxd5 Kb8 30. Qxf5 Nxd5 31. Bxd5 Rxd5 32. Rxd5 cxd5 33.
Qxd5 Rc8 34. a3 Qc2+ 35. Ka2 a6 36. Rd3 Ka8 37. Rb3 Rb8 38. Qxf7 a5 39. Qxh5 1-0

[Event "Late-Titled-Tuesday-Blitz-June-04-2024"]
[Site "Chess.com"]
[Date "2024.06.04"]
[Round "8"]
[White "Mikhail_Golubev"]
[Black "yaguigor"]
[Result "1-0"]
[WhiteElo "2518"]
[BlackElo "2602"]
[TimeControl "180+1"]
[EndTime "15:25:27 PDT"]
[Termination "Mikhail_Golubev won by resignation"]

1. Na3 d5 2. c3 e5 3. Nc2 c5 4. d4 Nc6 5. dxe5 Nxe5 6. g3 h6 7. Bg2 Nf6 8. Nf3 Nxf3+ 9. Bxf3 Bh3 10. Ne3 Be6 11. O-O Qd7 12. Ng2 g5 13. Ne3 O-O-O 14.
b4 d4 15. cxd4 cxd4 16. Bb2 Bxb4 17. Rb1 Bxa2 18. Ra1 Qe6 19. Bxd4 Bb3 20. Qc1+ Kd7 21. Qb2 a6 22. Bxf6 1-0

[Event "Late-Titled-Tuesday-Blitz-June-04-2024"]
[Site "Chess.com"]
[Date "2024.06.04"]
[Round "8"]
[White "egnfanclub"]
[Black "Heydarli77"]
[Result "0-1"]
[WhiteElo "2353"]
[BlackElo "2463"]
[TimeControl "180+1"]
[EndTime "15:25:31 PDT"]
[Termination "Heydarli77 won by resignation"]

1. e4 c5 2. Nc3 e6 3. f4 Nc6 4. Nf3 d6 5. Bc4 Nge7 6. d3 g6 7. O-O Bg7 8. Qe1 O-O 9. Bb3 Na5 10. f5 Nxb3 11. axb3 exf5 12. Bg5 fxe4 13. Nd5 f6 14. Qxe4 Nf5 15. Bd2 Re8 16. Qc4 Be6 17. g4 b5 18. Qxb5 Bxd5 19. gxf5 gxf5 20. Nh4 Re2 21. Rf2 Rxf2 22. Kxf2 Be6 23. Re1 Bd7 24.
Qc4+ Kh8 25. Qd5 Qf8 26. Nxf5 Bxf5 27. Qxf5 Bh6 28. Bc3 Bg7 29. Re6 Re8 30. Qe4 Rxe6 31. Qxe6 f5 32. Bxg7+ Kxg7 33. Qxd6 Qxd6 0-1

[Event "Late-Titled-Tuesday-Blitz-June-04-2024"]
[Site "Chess.com"]
[Date "2024.06.04"]
[Round "8"]
[White "Nf3c5"]
[Black "IlanSchnaider"]
[Result "0-1"]
[WhiteElo "2619"]
[BlackElo "2787"]
[TimeControl "180+1"]
[EndTime "15:25:32 PDT"]
[Termination "IlanSchnaider won on time"]

1. Nf3 c5 2. b3 Nf6 3. Bb2 Nc6 4. c4 e6 5. e3 Be7 6. Be2 O-O 7. O-O d5 8. cxd5 Nxd5 9. d4 Bf6 10. Qd2 cxd4 11. Nxd4 Nxd4 12. Bxd4 Nf4 13. Bf3 Bxd4 14. exd4 Ng6 15.
Nc3 Qb6 16. Rfd1 Rd8 17. Rac1 Bd7 18. Qg5 Bc6 19. d5 h6 20. Qg3 exd5 21. Bxd5 Bxd5 22. Nxd5 Qa5 23. Qf3 Qxa2 24. Rc7 Ne5 25. Qc3 Nc6 26. h4 Qa3 27. Rd3 Qf8 28. Rg3 Rxd5 0-1

[Event "Late-Titled-Tuesday-Blitz-June-04-2024"]
[Site "Chess.com"]
[Date "2024.06.04"]
[Round "8"]
[White "GMG"]
[Black "RantomOpening"]
[Result "1-0"]
[WhiteElo "2701"]
[BlackElo "2558"]
[TimeControl "180+1"]
[EndTime "15:25:33 PDT"]
[Termination "GMG won by resignation"]

1. d4 d5 2. c4 e6 3. Nf3 a6 4. e3 Nf6 5. Nc3 c5 6. cxd5 exd5 7. Be2 Nc6 8. O-O Be7 9. dxc5 Bxc5 10. b3 d4 11. Na4 Ba7 12. exd4 Nxd4 13. Ba3 Be6 14. Nc5 Bxc5 15. Bxc5 Nxe2+ 16. Qxe2 Qd5 17. Rac1 Qe4 18.
Qb2 h6 19. Rfe1 Qd5 20. Red1 Qh5 21. Qd2 Nd7 22. Ba3 Qf5 23. Qd6 Qf6 24. Nd2 Rd8 25.
Ne4 Qh4 26. g3 Nb8 27. gxh4 Rxd6 28. Nxd6+ Ke7 29. Ne4+ Ke8 30. Rc7 Nc6 31. Rxb7 1-0

[Event "Late-Titled-Tuesday-Blitz-June-04-2024"]
[Site "Chess.com"]
[Date "2024.06.04"]
[Round "8"]
[White "MiguelBestard1981"]
[Black "Eloist"]
[Result "1/2-1/2"]
[WhiteElo "2195"]
[BlackElo "2408"]
[TimeControl "180+1"]
[EndTime "15:25:33 PDT"]
[Termination "Game drawn by repetition"]

1. d4 e6 2. Bf4 Nf6 3. Nd2 d5 4. e3 c5 5. c3 Nc6 6. Bd3 Bd6 7. Bxd6 Qxd6 8. f4 O-O 9. Ngf3 cxd4 10. cxd4 Nb4 11.
Bb1 b6 12. a3 Nc6 13. Bd3 a5 14. Qe2 Nb8 15. g4 Ba6 16. g5 Ne4 17. Bxa6 Rxa6 18. Nxe4 dxe4 19. Ne5 f6 20. Nc4 Qd5 21. Rg1 b5 22. Nd2 Rc6 23. gxf6 Rxf6 24. Rg4 Rc2 25. Qg2 Qb7 26. Qxe4 Qc7 27. Qe5 Rc1+ 28. Rxc1 Qxc1+ 29. Ke2 Nd7 30. Qxb5 Rh6 31. Rxg7+ Kxg7 32. Qxd7+ Kf8 33. Qd8+ Kf7 34. Qd7+ Kf8 35. Qd8+ Kf7 36. Qd7+ Kf8 1/2-1/2

[Event "Late-Titled-Tuesday-Blitz-June-04-2024"]
[Site "Chess.com"]
[Date "2024.06.04"]
[Round "8"]
[White "manitodeplomo"]
[Black "sokidze"]
[Result "1/2-1/2"]
[WhiteElo "2638"]
[BlackElo "2790"]
[TimeControl "180+1"]
[EndTime "15:25:35 PDT"]
[Termination "Game drawn by repetition"]

1. d4 Nf6 2. c4 e6 3. Nf3 d5 4.
Nc3 a6 5. e3 Nbd7 6. Bd2 Be7 7.
c5 O-O 8. Be2 c6 9. O-O b6 10.
b4 a5 11. a3 Bb7 12. h3 Qc7 13. cxb6 Nxb6 14. Qb3 a4 15. Qc2 Ba6 16. Ne5 Nfd7 17.
Bxa6 Rxa6 18. Nb5 Qc8 19. Nxc6 Bf6 20. Nd6 Qa8 21. b5 Ra7 22. Nxa7 Qxa7 23. Bb4 g6 24. Rac1 Rb8 25. Qd3 Be7 26. Rc6 Kg7 27. Rfc1 Qa8 28. Rc7 Bd8 29. R7c6 Be7 30. Rc7 Bd8 31. R7c6 Be7 1/2-1/2

[Event "Late-Titled-Tuesday-Blitz-June-04-2024"]
[Site "Chess.com"]
[Date "2024.06.04"]
[Round "8"]
[White "frederiksvane"]
[Black "Lennis93"]
[Result "1-0"]
[WhiteElo "2900"]
[BlackElo "2735"]
[TimeControl "180+1"]
[EndTime "15:25:36 PDT"]
[Termination "frederiksvane won by resignation"]

1. e4 e6 2. d4 d5 3. Nd2 a6 4.
Ngf3 Nf6 5. e5 Nfd7 6. c3 c5 7. Bd3 Nc6 8. O-O g5 9. Nb1 Be7 10. Be3 g4 11. Ne1 h5 12. f3 Qb6 13. Rf2 cxd4 14.
cxd4 Ndxe5 15. Nc3 gxf3 16. gxf3 Bh4 17. Re2 Nxd3 18. Nxd3 Qd8 19. Kh1 Ne7 20. Bf4 Nf5 21. Ne5 Bd7 22. Nxd5 Kf8 23. Nb6 Bb5 24. Nxa8 Bxe2 25.
Qxe2 Qxa8 26. Rc1 Qd8 27. Rc7 Rh7 28. Qc2 Qxd4 29. Nd7+ Kg7 30. Be5+ f6 31. Bxd4 Nxd4 32.
Ne5+ 1-0

[Event "Late-Titled-Tuesday-Blitz-June-04-2024"]
[Site "Chess.com"]
[Date "2024.06.04"]
[Round "8"]
[White "Squirlolz"]
[Black "CrushingKings"]
[Result "0-1"]
[WhiteElo "2505"]
[BlackElo "2620"]
[TimeControl "180+1"]
[EndTime "15:25:36 PDT"]
[Termination "CrushingKings won by resignation"]

1. Nf3 g6 2. g3 Bg7 3. Bg2 Nf6 4. O-O O-O 5. c4 d6 6. Nc3 Nbd7 7. Rb1 c5 8. b4 Rb8 9. bxc5 dxc5 10. d3 b6 11. Bf4 Rb7 12. Ne1 Nh5 13. Bxb7 Nxf4 14. Bxc8 Qxc8 15.
Nd5 Nxd5 16. cxd5 Nf6 17. e4 e6 18. d6 Ne8 19. Qa4 Qb7 20. d7 Nf6 21. f4 Rd8 22. e5 Nd5 23. Qe4 Qxd7 24. Rc1 Nb4 25. Rd1 Nxa2 26.
Nf3 Nc3 27. Qc4 Nxd1 28. Rxd1 Qd5 29. Qxd5 Rxd5 30. Ng5 c4 31. Kf2 Rxd3 32. Rxd3 cxd3 33. Ke3 Bf8 34. Kxd3 Be7 35. Ne4 Kf8 36. Kc4 a6 37. h4 Ke8 38. g4 Kd7 39. h5 Kc6 40. h6 b5+ 41. Kd3 a5 42. f5 exf5 43. gxf5 gxf5 44. Ng3 Kd5 45. Nxf5 Bf8 46. Nd4 b4 47. Nf3 Bxh6 0-1

[Event "Late-Titled-Tuesday-Blitz-June-04-2024"]
[Site "Chess.com"]
[Date "2024.06.04"]
[Round "8"]
[White "dropstoneDP"]
[Black "Onischuk_V"]
[Result "0-1"]
[WhiteElo "2952"]
[BlackElo "2869"]
[TimeControl "180+1"]
[EndTime "15:25:37 PDT"]
[Termination "Onischuk_V won by resignation"]

1. d4 d6 2. Nf3 g6 3. c4 Bg7 4.
g3 Nf6 5. Bg2 O-O 6. O-O Nc6 7.
d5 Na5 8. b3 Nd7 9. Nd4 c5 10.
dxc6 bxc6 11. Bb2 Bb7 12. Nd2 Rb8 13. Qc2 c5 14. Bxb7 Rxb7 15. N4f3 Bxb2 16. Qxb2 Nc6 17. Qc3 a5 18. Ne4 a4 19. Rad1 axb3 20. axb3 Qb8 21.
Qe3 Kg7 22. h4 Rxb3 23. Qf4 Nde5 24. Nxe5 Nxe5 25. h5 f6 26. h6+ Kg8 27. Nd2 Rb2 28. Rb1 Qb4 29. Rxb2 Qxb2 30. Nf3 Qxe2 31. Nxe5 fxe5 32.
Qh4 Rf6 33. Qh3 Qxc4 34. Rb1 Qc2 35. Rb8+ Kf7 36. Qg2 Qd1+ 37. Kh2 g5 38. g4 Rxh6+ 39. Kg3 Qd4 0-1

[Event "Late-Titled-Tuesday-Blitz-June-04-2024"]
[Site "Chess.com"]
[Date "2024.06.04"]
[Round "8"]
[White "Timurist"]
[Black "ACollins05"]
[Result "0-1"]
[WhiteElo "2343"]
[BlackElo "2452"]
[TimeControl "180+1"]
[EndTime "15:25:37 PDT"]
[Termination "ACollins05 won on time"]

1. e4 a6 2. d4 b5 3. a3 Bb7 4. Nc3 e6 5. Bd3 Nf6 6. Qe2 c5 7. dxc5 Bxc5 8. Bg5 d6 9. Nf3 Nbd7 10. O-O O-O 11. Rad1 Qc7 12. h3 Rac8 13. Kh1 h6 14.
Bh4 Nh5 15. Qd2 Ne5 16. Nxe5 dxe5 17. Be2 Nf4 18. Bg3 Rfd8 19. Qc1 Bxa3 20. Rxd8+ Rxd8 21. Bxf4 exf4 22. Nxb5 axb5 23. bxa3 Bxe4 24. Bxb5 Bxc2 25.
Ba4 Rc8 26. Bxc2 Qxc2 27. Qxf4 Qd3 28. Ra1 Qc3 29. Ra2 Qb3 30. Qd2 Rc1+ 31. Kh2 Rd1 32. Qc2 Qb8+ 33. g3 Qd6 34. Qe4 Rc1 35. a4 Qd1 36.
Qg2 Ra1 37. Rxa1 Qxa1 0-1

[Event "Late-Titled-Tuesday-Blitz-June-04-2024"]
[Site "Chess.com"]
[Date "2024.06.04"]
[Round "8"]
[White "scrambleyourbrain"]
[Black "FlemingA"]
[Result "1-0"]
[WhiteElo "2391"]
[BlackElo "2469"]
[TimeControl "180+1"]
[EndTime "15:25:38 PDT"]
[Termination "scrambleyourbrain won on time"]

1. e4 g6 2. d4 c5 3. dxc5 Bg7 4. c3 b6 5. cxb6 Qxb6 6. Qb3 Bb7 7.
Be3 Qc7 8. Nd2 Nc6 9. Bc4 e6 10.
Ne2 Na5 11. Qa4 Nxc4 12. Qxc4 Qd8 13. O-O Ne7 14. Qb4 Ba6 15. Rfe1 O-O 16. Bc5 Nc6 17.
Qa3 Re8 18. Qxa6 Qg5 19. Be3 Qh5 20. Ng3 Qg4 21. h3 Qh4 22. Nf3 Qe7 23. Rad1 Rab8 24. b4 h5 25. Bc5 Qf6 26. e5 Qd8 27. Nd4 Nxe5 28. Rxe5 Bxe5 29. Nc6 dxc6 30. Rxd8 Rexd8 31. Bd4 Bxd4 32. cxd4 Rxd4 33. a3 h4 34. Qxa7 Rd1+ 35. Nf1 Rbd8 36. Qe7 R8d5 37. Qxh4 Ra1 38. Qc4 Rdd1 39.
a4 Rxa4 40. Kh2 Raa1 41. Ne3 Rh1+ 42. Kg3 Rhc1 43. Qd4 Rab1 44. Ng4 Rb3+ 45. f3 Rbc3 46. Qd8+ Kg7 47. Qf6+ Kf8 48. Ne5 1-0

[Event "Late-Titled-Tuesday-Blitz-June-04-2024"]
[Site "Chess.com"]
[Date "2024.06.04"]
[Round "8"]
[White "NajdorfPlayerc5"]
[Black "Hirna2005"]
[Result "1-0"]
[WhiteElo "2450"]
[BlackElo "2329"]
[TimeControl "180+1"]
[EndTime "15:25:41 PDT"]
[Termination "NajdorfPlayerc5 won by checkmate"]

1. d4 g6 2. e4 Bg7 3. Nc3 d6 4. f4 a6 5. Nf3 b5 6. Bd3 Bb7 7. O-O Nd7 8. a4 b4 9. Ne2 c5 10. c4 cxd4 11. Nexd4 Nc5 12. Qe2 e6 13. Bd2 a5 14.
Rfd1 Nf6 15. e5 dxe5 16. fxe5 Nfd7 17. Bg5 Qb6 18. Kh1 O-O 19. b3 Bxf3 20. Nxf3 Nxb3 21. Rab1 Nbc5 22. Bc2 Rfe8 23. Rd6 Qc7 24. Rbd1 Nb6 25. Bf6 Bf8 26. R6d4 b3 27. Bb1 Ncxa4 28. Ng5 Nc3 29. Qh5 gxh5 30. Bxh7# 1-0

[Event "Late-Titled-Tuesday-Blitz-June-04-2024"]
[Site "Chess.com"]
[Date "2024.06.04"]
[Round "8"]
[White "yobdc"]
[Black "Der_Balak_3Halak"]
[Result "1-0"]
[WhiteElo "2535"]
[BlackElo "2386"]
[TimeControl "180+1"]
[EndTime "15:25:43 PDT"]
[Termination "yobdc won by resignation"]

1. e4 c5 2. Nf3 Nc6 3. Bb5 d6 4.
O-O Bd7 5. Re1 e5 6. c3 Nge7 7. d4 cxd4 8. cxd4 a6 9. Bc4 b5 10. Bd5 Qc7 11. Nc3 g6 12. Bg5 Bg7 13. Rc1 Qd8 14.
dxe5 dxe5 15. a4 b4 16. Nb1 Rc8 17. Nbd2 O-O 18. Nc4 h6 19. Be3 Bg4 20. Nd6 Bxf3 21. gxf3 Nxd5 22. Nxc8 Nxe3 23. Qxd8 Rxd8 24. Rxc6 Nd1 25.
Ne7+ Kh7 26. Rc2 b3 27. Rce2 h5 28. Nd5 1-0

[Event "Late-Titled-Tuesday-Blitz-June-04-2024"]
[Site "Chess.com"]
[Date "2024.06.04"]
[Round "8"]
[White "Faqade"]
[Black "shimastream"]
[Result "1-0"]
[WhiteElo "2610"]
[BlackElo "2954"]
[TimeControl "180+1"]
[EndTime "15:25:45 PDT"]
[Termination "Faqade won on time"]

1. d4 d5 2. c4 e6 3. Nf3 Nf6 4. Nc3 a6 5. cxd5 exd5 6. Bg5 Be6 7. e3 Nbd7 8. Bd3 Bd6 9. Bh4 h6 10. O-O O-O 11. e4 dxe4 12. Nxe4 Be7 13. Re1 c6 14. Qe2 Re8 15. a3 Nd5 16. Bg3 N7f6 17.
Rad1 Nh5 18. Qd2 Nxg3 19. hxg3 Qb6 20. Bb1 Rad8 21. Ne5 Nc7 22. Qc2 Rxd4 23. Nd7 Rxd1 24. Nef6+ 1-0

[Event "Late-Titled-Tuesday-Blitz-June-04-2024"]
[Site "Chess.com"]
[Date "2024.06.04"]
[Round "8"]
[White "rdarruda"]
[Black "ChEsper99"]
[Result "1-0"]
[WhiteElo "2511"]
[BlackElo "2244"]
[TimeControl "180+1"]
[EndTime "15:25:48 PDT"]
[Termination "rdarruda won by resignation"]

1. d4 d5 2. Nf3 Nf6 3. c4 e6 4. Nc3 Bb4 5. Bf4 O-O 6. e3 c5 7.
a3 Ba5 8. Be2 Nc6 9. dxc5 Bxc3+ 10. bxc3 Qa5 11. O-O Qxc5 12. Ne5 Ne4 13. Qc2 Nxe5 14.
Bxe5 f6 15. Bd4 Qc6 16. cxd5 exd5 17. c4 Be6 18. Bd3 f5 19. Rfc1 dxc4 20. Bxc4 Bxc4 21. Qxc4+ Qxc4 22. Rxc4 Rfc8 23. Rac1 Rxc4 24. Rxc4 Nd6 25. Rc7 Rc8 26. Rxc8+ Nxc8 27. f3 Kf7 28. e4 fxe4 29.
fxe4 g6 30. Kf2 Nd6 31. Ke3 a6 32. Kd3 Ke6 33. a4 b5 34. a5 Nc4 35. Bc3 h5 36. Kd4 Kd6 37. Bb4+ Ke6 38. Kc5 Ke5 39. Kc6 Kxe4 40. Kb7 Ke3 41. Kxa6 Nxa5 42. Kxa5 Kf2 43. h4 Kxg2 44. Kxb5 Kh3 45. Be7 Kg4 46. Kc5 g5 47.
Bxg5 1-0

[Event "Late-Titled-Tuesday-Blitz-June-04-2024"]
[Site "Chess.com"]
[Date "2024.06.04"]
[Round "8"]
[White "lamomiajunior"]
[Black "N_Mullodzhanov"]
[Result "1-0"]
[WhiteElo "2729"]
[BlackElo "2526"]
[TimeControl "180+1"]
[EndTime "15:25:49 PDT"]
[Termination "lamomiajunior won on time"]

1. e4 c6 2. d4 d5 3. e5 Bf5 4. Bd3 Bxd3 5. Qxd3 Qa5+ 6. Nd2 e6 7. Ne2 c5 8. c3 Nd7 9. O-O Ne7 10. b4 cxb4 11. cxb4 Qb6 12. a3 Rc8 13. Bb2 Nf5 14. Nf3 h5 15. g3 Be7 16. h4 O-O 17. Bc1 Rc7 18. Bg5 f6 19. exf6 Bxf6 20. Bxf6 Nxf6 21. Nf4 Rfc8 22. Rfe1 Rc3 23. Qe2 Re8 24. Rad1 e5 25. dxe5 Nxg3 26. Qd2 Nge4 27. Rxe4 Nxe4 28. Qxd5+ Kh8 29.
Qxe4 Qc6 30. Qxc6 bxc6 31. Ng5 Rxa3 32. e6 Rb3 33. Ng6+ Kg8 34. e7 Rxb4 35. Rd8 Rb8 36.
Rxb8 Rxb8 37. Ne5 Rc8 38. Nxc6 g6 39. Nd8 Kg7 40. e8=Q Rc1+ 41. Kg2 1-0

[Event "Late-Titled-Tuesday-Blitz-June-04-2024"]
[Site "Chess.com"]
[Date "2024.06.04"]
[Round "8"]
[White "oskariot"]
[Black "Kapitan_Bayan"]
[Result "0-1"]
[WhiteElo "2680"]
[BlackElo "2417"]
[TimeControl "180+1"]
[EndTime "15:25:49 PDT"]
[Termination "Kapitan_Bayan won on time"]

1. e4 c5 2. Nf3 d6 3. d4 cxd4 4. Nxd4 Nf6 5. Nc3 a6 6. h4 e5 7.
Nb3 Be7 8. Bg5 Nbd7 9. a4 O-O 10. g4 b6 11. Bxf6 Nxf6 12. g5 Nd7 13. Bc4 Bb7 14.
Bd5 Bxd5 15. Nxd5 f6 16. g6 h6 17. Qd3 f5 18. exf5 Bxh4 19. Qc4 Bg5 20. f6 Kh8 21. f7 Rc8 22. Qe4 Nf6 23. Nxf6 Qxf6 24.
Rd1 b5 25. axb5 axb5 26. c3 Rc4 27. Qc2 Rf4 28. Rf1 Rf5 29. Nd2 Qxg6 30. Ne4 Rf4 0-1

[Event "Late-Titled-Tuesday-Blitz-June-04-2024"]
[Site "Chess.com"]
[Date "2024.06.04"]
[Round "8"]
[White "HajiyevKanan"]
[Black "xasid81"]
[Result "0-1"]
[WhiteElo "2516"]
[BlackElo "2633"]
[TimeControl "180+1"]
[EndTime "15:25:49 PDT"]
[Termination "xasid81 won by resignation"]

1. d4 d5 2. Nf3 Nf6 3. c4 e6 4. cxd5 exd5 5. Nc3 a6 6. Qc2 Be7 7. Bf4 O-O 8. e3 Nbd7 9. Be2 c6 10. O-O Re8 11.
Bd3 Nf8 12. Rab1 Ng6 13. Bg3 Nh5 14. Be5 Bg4 15. Nd2 Nxe5 16. dxe5 g6 17. h3 Be6 18. g4 Ng7 19. f4 d4 20. Nd1 dxe3 21. Nxe3 Qd4 22.
Rf3 Rad8 23. f5 Bg5 24. fxe6 Bxe3+ 25. Kg2 Nxe6 26. Nc4 Nf4+ 27. Kg3 Nxd3 28. Rxe3 Nxe5 29. Rbe1 f6 30. g5 Rf8 31. Nxe5 fxe5 32. Re4 Qd3+ 33. Qxd3 Rxd3+ 34. R1e3 Rxe3+ 35. Rxe3 Re8 36. Kf3 Kf7 37. Ke4 Rd8 38. Rf3+ Ke7 39. Kxe5 Rd5+ 40. Ke4 Rxg5 41. a4 Rh5 42. Rb3 b5 43. a5 Kd6 44. Kf4 c5 45. Kg4 Re5 46. Rf3 h5+ 47. Kh4 c4 48.
Rf6+ Re6 49. Rf8 Kc5 50. Ra8 Kb4 51. Rg8 Kxa5 52. Kg5 b4 53. Rc8 Kb5 54. Rb8+ Ka4 55.
Rc8 Kb3 56. Kf4 a5 57. Ra8 a4 0-1

[Event "Late-Titled-Tuesday-Blitz-June-04-2024"]
[Site "Chess.com"]
[Date "2024.06.04"]
[Round "8"]
[White "pinelone"]
[Black "SoCalJuniorChess"]
[Result "1-0"]
[WhiteElo "2415"]
[BlackElo "2213"]
[TimeControl "180+1"]
[EndTime "15:25:49 PDT"]
[Termination "pinelone won by resignation"]

1. Nf3 Nf6 2. c4 c5 3. Nc3 Nc6 4. g3 g6 5. Bg2 Bg7 6. d4 cxd4 7.
Nxd4 O-O 8. O-O e6 9. Ndb5 a6 10.
Nd6 Ne8 11. Bf4 e5 12. Be3 Nd4 13. Nxe8 Rxe8 14. Rc1 d6 15. Qd2 Nf5 16. Rfd1 Nxe3 17. Qxe3 Rb8 18. c5 Be6 19. cxd6 Qa5 20. Bd5 Bxd5 21. Nxd5 Red8 22. Ne7+ Kf8 23. Qa3 Qxa3 24.
bxa3 Rxd6 25. Rxd6 Kxe7 26. Rb6 Kd7 27. e4 Bf8 28. a4 Ba3 29. Rc3 Be7 30. a5 f5 31.
exf5 gxf5 32. Rh6 Rc8 33. Rxc8 Kxc8 34. Rxh7 Bb4 35. h4 Bxa5 36. h5 Bd2 37. h6 e4 38.
Rh8+ Kc7 39. h7 Bc3 40. Rg8 1-0

[Event "Late-Titled-Tuesday-Blitz-June-04-2024"]
[Site "Chess.com"]
[Date "2024.06.04"]
[Round "8"]
[White "Felix-Rose"]
[Black "WilliamAlfaroCaracas"]
[Result "0-1"]
[WhiteElo "2315"]
[BlackElo "2365"]
[TimeControl "180+1"]
[EndTime "15:25:49 PDT"]
[Termination "WilliamAlfaroCaracas won on time"]

1. e4 c5 2. Nf3 Nc6 3. d4 cxd4 4. Nxd4 d6 5. Nc3 Nf6 6. Bg5 Bd7 7. Qd2 Qa5 8. Bxf6 gxf6 9. Bb5 e6 10. Nb3 Qc7 11. Be2 a6 12. Bh5 b5 13. f4 b4 14.
Ne2 a5 15. f5 Bg7 16. fxe6 Bxe6 17. Nf4 O-O 18. O-O a4 19. Nc1 Ne5 20. Ncd3 Nc4 21. Qxb4 a3 22. bxa3 f5 23. Rae1 Rfb8 24. Nxe6 fxe6 25.
Qxb8+ Rxb8 26. exf5 exf5 27. Rxf5 Rf8 28. Rxf8+ Bxf8 29. Re8 Ne3 30. Nf4 Qb6 0-1

[Event "Late-Titled-Tuesday-Blitz-June-04-2024"]
[Site "Chess.com"]
[Date "2024.06.04"]
[Round "8"]
[White "mostafa_sakha"]
[Black "gamboajp"]
[Result "1-0"]
[WhiteElo "2406"]
[BlackElo "2100"]
[TimeControl "180+1"]
[EndTime "15:25:51 PDT"]
[Termination "mostafa_sakha won by resignation"]

1. d4 e6 2. c4 d5 3. Nc3 c5 4.
cxd5 exd5 5. Nf3 Nc6 6. g3 Nf6 7. Bg2 cxd4 8. Nxd4 Bc5 9. Nb3 Bb6 10. O-O d4 11. Na4 O-O 12. Nxb6 axb6 13. Bxc6 bxc6 14. Qxd4 Be6 15. Qxd8 Rfxd8 16. Bg5 Bxb3 17. axb3 h6 18. Bxf6 gxf6 19. Rxa8 Rxa8 20. Rc1 c5 21. Kg2 Rd8 22. Rc2 Rd4 23. Kf3 Kg7 24. Ke3 Kg6 25. Rc4 Rd1 26. b4 Rb1 27. bxc5 bxc5 28. Rc2 h5 29. h4 f5 30. Kd3 Rf1 31. e3 f4 32. exf4 f6 33. Kc4 Kf5 34. Kxc5 Kg4 35. b4 Rb1 36. b5 1-0

[Event "Late-Titled-Tuesday-Blitz-June-04-2024"]
[Site "Chess.com"]
[Date "2024.06.04"]
[Round "8"]
[White "osielchesslover2011"]
[Black "cthake"]
[Result "1-0"]
[WhiteElo "2224"]
[BlackElo "1752"]
[TimeControl "180+1"]
[EndTime "15:25:54 PDT"]
[Termination "osielchesslover2011 won by checkmate"]

1. e4 c5 2. Nf3 Nc6 3. d4 cxd4 4. Nxd4 e5 5. Nb5 d6 6. N1c3 a6 7. Na3 Nf6 8. Nd5 b5 9. Bg5 Be7 10. Bd3 Nxd5 11. exd5 Bxg5 12. dxc6 d5 13. O-O O-O 14. c3 Qc7 15. Nc2 Qxc6 16. Nb4 Qc5 17. Nxd5 Bb7 18.
Nb4 Rad8 19. Qh5 Bh6 20. Rad1 a5 21. Nc2 Qc6 22. Ne3 e4 23. Be2 Bxe3 24. fxe3 b4 25. cxb4 Rxd1 26. Bxd1 axb4 27. Bb3 Qg6 28. Qb5 Ba6 29.
Bxf7+ Kh8 30. Qxb4 Qg5 31. Rf2 Qxe3 32. Qxf8# 1-0

[Event "Late-Titled-Tuesday-Blitz-June-04-2024"]
[Site "Chess.com"]
[Date "2024.06.04"]
[Round "8"]
[White "pavelalexandru07"]
[Black "GMthekingindian"]
[Result "1-0"]
[WhiteElo "2461"]
[BlackElo "2354"]
[TimeControl "180+1"]
[EndTime "15:25:55 PDT"]
[Termination "pavelalexandru07 won on time"]

1. e4 c5 2. Nf3 d6 3. d4 cxd4 4. Nxd4 Nf6 5. Nc3 a6 6. Bg5 e6 7.
f4 Be7 8. Qf3 Nbd7 9. O-O-O h6 10.
Bh4 Qc7 11. Kb1 g5 12. fxg5 Ne5 13. Qe2 Nfg4 14. h3 hxg5 15. Be1 Nf6 16. Nf3 Nh5 17. Nxe5 dxe5 18. Qg4 Bd7 19. Bd2 O-O-O 20. Bxg5 Rdg8 21. h4 f6 22. Rxd7 Qxd7 23. Bc4 Nf4 24. Rd1 Qc6 25. Nd5 Qxc4 26. Nb6+ Kb8 27. Nxc4 fxg5 28. Nxe5 gxh4 29. Qxf4 Rxg2 30. Ng6+ 1-0